Map: Winter Madness LE

Players

ZZTop

  • Race: Terran Terran
  • League: Silver
  • Spawn Location: 11:00

SCIInewby - Winner!

  • Race: Zerg Zerg
  • League: Master
  • Spawn Location: 5:00

VOD

Have the link to the VOD?

Description

Time

  • Played on: Feb. 11, 2026, 3:34 p.m.
  • Length: 14:49
Show
View Real Time Build Order
Export as new Build Order

ZZTop Terran 

Build Orders:  

Get SALT Encoding   

  12  0:00  SCV  
  13  0:12  SCV  
  14  0:19  Supply Depot  
  14  0:25  SCV  
  15  0:35  Refinery  
  15  0:44  Barracks  
  15  0:47  SCV  
  16  1:02  SCV  
  17  1:14  SCV  
  18  1:20  Supply Depot  
  18  1:26  SCV  
  19  1:36  Marine  
  19  1:38  SCV  
  19  1:39  Refinery  
  21  1:53  Marine  
  22  2:00  Factory  
  22  2:03  SCV  
  23  2:11  Engineering Bay  
  23  2:15  SCV  
  24  2:24  Barracks Reactor  
  24  2:34  Command Center  
  25  2:43  Orbital Command  
  26  2:51  Hellion  
  26  3:03  Marine  
  26  3:04  Marine  
  28  3:20  Starport  
  28  3:21  Hellion  
  28  3:24  Marine  
  31  3:45  Marine, Terran Infantry Weapons Level 1, SCV  
  31  3:47  Bunker  
  31  3:48  Factory Tech Lab  
  33  3:57  SCV  
  33  4:00  SCV  
  35  4:12  Starport Tech Lab, SCV  
  35  4:16  Supply Depot  
  36  4:24  SCV  
  36  4:25  SCV  
  36  4:26  Supply Depot  
  38  4:32  Banshee  
  38  4:35  Cloaking Field  
  38  4:36  SCV  
  38  4:37  SCV  
  43  4:39  Supply Depot  
  39  4:55  SCV  
  39  4:58  Siege Tank  
  43  5:08  SCV  
  44  5:15  Banshee  
  44  5:17  Supply Depot  
  44  5:20  SCV  
  48  5:22  Marine  
  48  5:23  Marine  
  48  5:25  Supply Depot  
  50  5:30  Siege Tank  
  53  5:36  Barracks  
  53  5:37  Barracks  
  53  5:40  Marine  
  53  5:42  Barracks  
  54  5:43  Barracks  
  54  5:58  Banshee  
  57  6:11  Orbital Command  
  57  6:14  SCV  
  58  6:21  Refinery  
  58  6:25  Refinery  
  58  6:26  SCV  
  58  6:32  Supply Depot  
  59  6:37  Marine  
  59  6:38  Marine x5, SCV  
  66  6:45  Banshee  
  69  6:50  SCV  
  70  6:56  Supply Depot  
  70  7:02  SCV  
  70  7:06  Barracks Tech Lab x2  
  70  7:07  Barracks Reactor x2  
  71  7:18  Supply Depot  
  71  7:20  Starport  
  71  7:40  Missile Turret  
  71  7:41  Supply Depot  
  69  8:00  Engineering Bay  
  69  8:12  Marauder x2  
  73  8:13  Marine x2  
  73  8:14  Marine  
  75  8:27  Armory  
  75  8:28  Supply Depot  
  75  8:30  SCV x2  
  75  8:34  Marauder x2  
  81  8:42  SCV  
  82  8:51  Supply Depot  
  82  8:55  Marauder x2  
  86  9:16  Supply Depot, Marauder  
  86  9:17  Marauder  
  90  9:32  Marine x6  
  90  9:38  Marauder x2  
  91  9:41  Viking  
  90  9:48  Cyclone  
  90  9:50  Marine x6  
  98  9:58  Marine  
  98  9:59  Marine  
  88  10:08  Marine  
  88  10:09  Marine x2  
  88  10:11  Viking  
  80  10:16  Marine x3  
  80  10:17  Marauder x2  
  85  10:26  Marine  
  86  10:28  Missile Turret  
  86  10:33  Marine x2  
  86  10:35  Marine  
  86  10:36  Marine  
  86  10:39  Marauder  
  85  10:51  Marauder  
  83  10:58  Supply Depot, Starport Reactor  
  79  11:19  Marine x2  
  79  11:20  Marine x5  
  79  11:21  Supply Depot  
  86  11:28  Marine, SCV  
  86  11:41  Factory Tech Lab  
  86  11:43  Marine x2, Viking  
  73  12:07  Medivac  
  73  12:08  Medivac  
  77  12:13  Viking  
  79  12:33  Orbital Command  
  79  12:37  Marine  
  79  12:40  Medivac  
  79  12:45  Viking  
  79  12:46  Medivac  
  41  13:07  Marine x2  
  41  13:10  Medivac  
  40  13:34  Raven  
  40  13:49  Missile Turret  
  40  13:57  Supply Depot x2  
  40  14:01  Supply Depot  
  40  14:08  Marine x4  
  40  14:09  Marine x4  
  41  14:17  Refinery  
Show
View Real Time Build Order
Export as new Build Order

SCIInewby Zerg - Winner!

Build Orders: Hatch First, Swarm Host 

Get SALT Encoding   

  12  0:02  Drone  
  13  0:12  Overlord  
  13  0:16  Drone  
  14  0:34  Drone x2  
  16  0:57  Hatchery  
  16  1:03  Drone x3  
  18  1:09  Extractor  
  17  1:14  Drone, Evolution Chamber  
  17  1:34  Drone  
  17  1:35  Extractor  
  17  1:36  Drone  
  18  1:46  Spawning Pool  
  17  1:51  Drone  
  18  1:57  Drone  
  19  2:10  Drone x2  
  21  2:20  Drone x2  
  23  2:26  Zerg Melee Weapons Level 1  
  23  2:29  Drone  
  24  2:32  Drone  
  24  2:34  Queen  
  27  2:47  Overlord  
  27  2:51  Drone  
  28  3:05  Queen  
  30  3:07  Drone  
  30  3:08  Roach Warren, Drone x2  
  30  3:11  Drone  
  33  3:35  Spore Crawler, Drone x4  
  33  3:37  Spine Crawler  
  35  3:46  Drone  
  36  3:54  Overlord  
  36  3:55  Overlord x3  
  36  4:09  Overlord x2  
  36  4:20  Zerg Ground Armor Level 1  
  36  4:21  Roach x3  
  36  4:24  Roach x2  
  46  4:26  Roach  
  48  4:35  Drone  
  48  4:36  Drone  
  50  4:54  Drone x5  
  50  4:55  Drone x2  
  50  4:58  Lair  
  57  5:02  Drone x2  
  57  5:03  Extractor  
  58  5:07  Extractor  
  57  5:15  Drone x2  
  59  5:23  Hatchery  
  59  5:24  Drone  
  59  5:26  Queen  
  61  5:33  Drone x3  
  64  5:40  Drone x2  
  66  5:48  Extractor  
  65  5:51  Drone x5  
  65  5:52  Drone  
  65  5:53  Extractor  
  70  6:21  Zergling x10, Roach  
  77  6:30  Zergling x2  
  78  6:50  Zerg Melee Weapons Level 2  
  78  6:53  Infestation Pit, Drone x5  
  78  6:54  Drone x3  
  85  7:18  Zergling x2  
  85  7:19  Roach x2  
  90  7:29  Overlord  
  90  7:30  Overlord x3  
  90  7:48  Spire  
  102  8:24  Burrow  
  102  8:38  Drone  
  102  8:39  Drone x7  
  106  8:51  Hatchery  
  97  8:56  Spore Crawler  
  97  8:58  Overseer  
  97  8:59  Pneumatized Carapace  
  97  9:00  Mutalisk  
  97  9:01  Mutalisk x14  
  122  9:06  Zerg Missile Weapons Level 1  
  116  9:14  Spore Crawler  
  116  9:15  Spore Crawler  
  114  9:20  Spore Crawler  
  114  9:22  Spore Crawler  
  114  9:23  Spore Crawler  
  111  9:25  Spore Crawler  
  92  10:24  Drone x4  
  92  10:25  Drone x7  
  103  10:34  Drone  
  103  10:35  Drone x2  
  106  10:36  Queen x2  
  106  10:37  Queen x2  
  108  11:12  Queen  
  104  11:24  Drone x2  
  104  11:25  Drone x10  
  114  11:42  Drone x2  
  83  12:08  Swarm Host x3  
  83  12:09  Swarm Host x3  
  113  12:47  Roach  
  113  12:48  Roach x6  
  127  13:22  Overlord  
  127  13:23  Overlord x10  
  127  13:24  Overlord x7  
  127  13:45  Overseer x2  
  127  13:46  Overseer  
  127  13:49  Roach x7  
Tags
 
Composition
Swarm Host
Matchup
TvZ
Replay Pack
vannon
Spawn Locations
Cross Positions
Add a new tag
Caveats
  • Supply blocks, unpowered buildings, or Contaminate may cause inaccurate times.
  • Supply counts are checked every 10 seconds.